 Dungeon Crawl Stone Soup version 0.21-a0-417-g0adc95b (webtiles) character file.

20585 Koleisus the Spear-Bearer (level 12, -5/107 HPs)
             Began as a Minotaur Gladiator on Nov 3, 2017.
             Was a Believer of Ashenzari.
             Killed from afar by a wolf spider (8 damage)
             ... with an exploding inner flame
             ... hexed by the player character
             ... on level 1 of the Spider Nest.
             The game lasted 01:00:35 (14663 turns).

Koleisus the Spear-Bearer (Minotaur Gladiator)     Turns: 14663, Time: 01:00:36

Health: -5/107     AC:  9    Str: 21 (23) XL:     12   Next: 46%
Magic:  0/11       EV: 18    Int:  7 (8)  God:    Ashenzari [**....]
Gold:   567        SH:  3    Dex: 16 (17) Spells: 10/11 levels left

rFire    + . .     SeeInvis .   P - +8 lance "Wyrmbane" {slay drac, rPois rF+ rC+ AC+3} (curse)
rCold    + . .     Gourm    .   (no shield)
rNeg     . . .     Faith    .   b - +0 leather armour (curse)
rPois    +         Spirit   +   c - +0 hat
rElec    .         Reflect  +   k - scarf {Spirit}
rCorr    .         Harm     .   t - +1 pair of gloves of Precision Catastrophes {Int+3}
MR       .....                  (no boots)
Stlth    +++.......             d - +3 amulet of reflection (curse)
HPRegen  0.27/turn              n - +5 ring of slaying (curse)
MPRegen  0.12/turn              N - +4 ring of dexterity (curse)

@: very slightly contaminated
A: retaliatory headbutt, horns 2
a: Curse Item, Scrying, Renounce Religion


You were on level 1 of the Spider Nest.
You worshipped Ashenzari.
Ashenzari was pleased with you.
You were not hungry.

You visited 4 branches of the dungeon, and saw 15 of its levels.

You collected 601 gold pieces.
You spent 34 gold pieces at shops.

Inventory:

Hand Weapons
 u - a +0 hunting sling
 P - the cursed +8 lance "Wyrmbane" (weapon) {slay drac, rPois rF+ rC+ AC+3}
   (You found it on level 6 of the Dungeon)

   It affects your AC (+3).
   It protects you from fire.
   It protects you from cold.
   It protects you from poison.
   It has a curse placed upon it.
Missiles
 f - 2 poisoned javelins (quivered)
 v - 262 stones
Armour
 b - a cursed +0 leather armour (worn)
 c - a +0 hat (worn)
 k - a scarf of spirit shield (worn)
 t - the +1 pair of gloves of Precision Catastrophes (worn) {Int+3}
   (You found it on level 5 of the Dungeon)

   It affects your intelligence (+3).
Jewellery
 d - a cursed +3 amulet of reflection (around neck)
 n - a cursed +5 ring of slaying (left hand)
 N - a cursed +4 ring of dexterity (right hand)
Wands
 o - a wand of lightning (8/15)
 R - a wand of digging (23/24)
 S - a wand of lightning (11/15)
 V - a wand of enslavement (6/24)
 W - a wand of flame (31/48)
Scrolls
 a - a scroll of brand weapon {unknown}
 e - a scroll of fear {unknown}
 h - a scroll of immolation
 l - 8 scrolls of teleportation {unknown}
 m - a scroll of enchant armour {unknown}
 p - a scroll of magic mapping {unknown}
 C - 2 scrolls of noise {unknown}
 E - 2 scrolls of enchant weapon {unknown}
 K - a scroll of random uselessness {unknown}
 L - 4 scrolls of amnesia {unknown}
 M - 4 scrolls of recharging {unknown}
 Q - a scroll of vulnerability {unknown}
 T - 6 scrolls of identify
Potions
 g - 3 potions of haste
 q - 4 potions of flight
 s - a potion of resistance
 w - 4 potions of magic
 x - a potion of ambrosia {unknown}
 A - 2 potions of berserk rage {unknown}
 B - a potion of cancellation {unknown}
 D - 2 potions of might {unknown}
 G - 3 potions of invisibility
 I - a potion of agility {unknown}
 U - a potion of lignification {unknown}
Books
 H - Vehumet's Volume of Attacks
   (You found it on level 5 of the Dungeon)

   Spells                             Type                      Level
   a - Magic Dart                     Conjuration                  1
Miscellaneous
 y - a box of beasts
Comestibles
 j - 15 fruits
 F - 11 royal jellies
 J - 2 meat rations
 O - 3 bread rations


   Skills:
 + Level 10.4 Fighting
   Level 6.3(7.6) Maces & Flails
 + Level 12.2(14.7) Polearms
   Level 6.6(11.0) Staves
 + Level 9.2 Throwing
 + Level 6.1 Armour
 + Level 8.6 Dodging
 + Level 6.4 Stealth
 + Level 0.1(0.4) Evocations


You had 10 spell levels left.
You knew the following spells:

 Your Spells              Type           Power        Failure   Level  Hunger
a - Magic Dart            Conj           #...         43%         1    ##.....


Dungeon Overview and Level Annotations

Branches:
Dungeon (10/15)            Temple (1/1) D:4            Lair (3/6) D:9
 Spider (1/4) Lair:3
  Swamp: Lair:2-4    Shoals: Lair:2-4       Orc: D:9-12

Altars:
Ashenzari
Cheibriados
Dithmenos
Elyvilon
Fedhas
Gozag
Hepliaklqana
Kikubaaqudgha
Makhleb
Nemelex Xobeh
Okawaru
Qazlal
Ru
Sif Muna
Trog
Uskayaw
Vehumet
Wu Jian
Xom
Yredelemnul
Zin
The Shining One

Shops:
D:4 *   D:7 *   D:8 (

Annotations:
D:4 1 runed door
Lair:1 exclusion: 3 oklob plants


Innate Abilities, Weirdness & Mutations

You reflexively headbutt those who attack you in melee.
You have a pair of horns on your head.


Message History

Press: ? - help, Shift-Dir - straight line, f - wolf spider
Aim: a wolf spider (inner flame)
You throw a javelin.
The javelin completely misses the wolf spider.
Throwing (i - inventory. (,) - cycle):
z - 2 javelins (quivered)
Press: ? - help, Shift-Dir - straight line, f/p - wolf spider
Aim: a wolf spider (inner flame)
You throw a javelin. The javelin hits the wolf spider!!
The wolf spider is heavily wounded.
Throwing (i - inventory. (,) - cycle):
z - a javelin (quivered)
Press: ? - help, Shift-Dir - straight line, f/p - wolf spider
Aim: a wolf spider (heavily wounded, inner flame)
You throw a javelin. The javelin hits the wolf spider!
The wolf spider is severely wounded.
A tarantella comes into view.
The tarantella hisses angrily.
You impale the wolf spider!!
The wolf spider explodes!
The fiery explosion engulfs you! You resist.
You die...

###...# #.
##.....##.#......###.
###* *.,. *
#.####.#............#
..# *
####*#.s.^........###
...#*
#..##..#.%........##
....# *
#...#.............##
####. ,
##....####.........## ##
, ###......#
#........... .# *
*#........####..........
## , * ,,
#..§@§..###..........
.###,
#..§.§...###.....####
...# #..§.§.......##.##*
# ...# *
#.....(...###.....###
..## * ,
#.....(...#*#........
..#
#.....y..##*.^.......
.## * * ........(##
*,........ ..#
#...#......# .........
##...
#.#......#.###..........


You could see a hornet and a tarantella.

Vanquished Creatures
  Gastronok (Lair:1)
  The ghost of arttle the Martial Artist, a journeyman GnTm of Okawaru (Lair:2)
  The ghost of Yermak the Thaumaturge, a journeyman GnSk of Wu Jian (Lair:2)
  The ghost of Salmacis the Cleaver, a novice HOMo of Beogh (D:6)
  A fire crab (Lair:1)
  An orb spider (Spider:1)
  4 wolf spiders (Spider:1)
  A black mamba (Lair:3)
  2 spiny frogs
  A rime drake (Lair:2)
  A komodo dragon (Lair:3)
  2 demonic crawlers (Spider:1)
  10 jumping spiders (Spider:1)
  A queen bee (Lair:1)
  A hippogriff (Lair:1)
  11 redbacks (Spider:1)
  A yak (Lair:1)
  2 wyverns
  Sigmund (D:2)
  3 tarantellas (Spider:1)
  A fire elemental (Lair:1)
  3 fire bats (Lair:1)
  Menkaure (D:7)
  A hungry ghost (D:8)
  A hell hound (Lair:1)
  5 water moccasins
  3 porcupines (Lair:1)
  A black bear (Lair:3)
  An ice beast (D:6)
  An orc warrior (D:8)
  2 phantoms
  A sky beast (D:9)
  6 necrophages
  8 ogres
  5 wolves (Lair:3)
  3 centaurs
  2 big kobolds
  2 crocodiles (Lair:1)
  5 bullfrogs
  A wyvern zombie (D:7)
  A wyvern skeleton (D:8)
  4 scorpions
  18 killer bees
  5 wights (D:7)
  A howler monkey (D:5)
  2 crimson imps (D:6)
  2 bullfrog zombies
  A centaur zombie (D:8)
  A bullfrog skeleton (D:9)
  3 orc priests (D:4)
  5 hounds
  6 orc wizards
  A centaur skeleton (D:4)
  A gnoll shaman (D:5)
  4 iguanas
  3 worker ants
  A howler monkey zombie (D:9)
  Robin (D:2)
  14 gnolls
  10 adders
  A shadow imp (D:6)
  An ooze (D:1)
  2 adder skeletons
  2 worms
  9 dart slugs (D:5)
  3 leopard geckos
  40 orcs
  6 giant cockroaches
  14 hobgoblins
  11 jackals
  3 quokkas
  2 ball pythons (D:3)
  2 ball python skeletons
  5 bats (D:3)
  3 frilled lizards
  17 goblins
  24 kobolds
  A quokka skeleton (D:5)
  11 rats
  A butterfly (D:4)
  4 withered plants (D:4)
346 creatures vanquished.

Vanquished Creatures (others)
  A plant (Lair:1)
1 creature vanquished.

Grand Total: 347 creatures vanquished

Notes
Turn   | Place    | Note
-------+----------+-------------------------------------------
     0 | D:1      | Koleisus the Minotaur Gladiator began the quest for the Orb.
     0 | D:1      | Reached XP level 1. HP: 18/18 MP: 0/0
   186 | D:1      | Reached XP level 2. HP: 23/25 MP: 1/1
   320 | D:2      | Reached XP level 3. HP: 28/30 MP: 2/2
   334 | D:2      | Noticed Sigmund
  1272 | D:2      | Killed Sigmund
  1272 | D:2      | Reached skill level 5 in Staves
  1272 | D:2      | Reached skill level 1 in Armour
  1272 | D:2      | Reached XP level 4. HP: 19/38 MP: 3/3
  1272 | D:2      | Reached XP level 5. HP: 23/45 MP: 4/4
  1807 | D:2      | Found a shattered altar of Ashenzari.
  1837 | D:2      | Became a worshipper of Ashenzari the Shackled
  1865 | D:2      | Noticed Robin
  1876 | D:2      | Killed Robin
  2357 | D:3      | Reached XP level 6. HP: 50/51 MP: 5/5
  3337 | D:5      | Entered Level 5 of the Dungeon
  3607 | D:4      | Found a staircase to the Ecumenical Temple.
  3612 | Temple   | Entered the Ecumenical Temple
  3772 | D:4      | Reached skill level 5 in Dodging
  3780 | D:4      | Reached XP level 7. HP: 38/58 MP: 6/6
  3812 | D:4      | Found a runed door.
  3812 | D:4      | Found a glowing golden altar of the Shining One.
  3812 | D:4      | Noticed an angel
  3992 | D:4      | Found Vighaomi's General Store.
  4021 | D:4      | Found a basalt altar of Yredelemnul.
  4227 | D:4      | Reached skill level 1 in Polearms
  4486 | D:4      | Found a burning altar of Makhleb.
  4488 | D:4      | Found a glowing silver altar of Zin.
  4488 | D:4      | Noticed an angel
  4491 | D:4      | Noticed a balrug
  4524 | D:5      | Reached * piety under Ashenzari
  5060 | D:5      | Reached skill level 1 in Maces & Flails
  5092 | D:5      | Reached skill level 1 in Stealth
  5153 | D:5      | Found an ancient bone altar of Kikubaaqudgha.
  5157 | D:5      | Found a deep blue altar of Sif Muna.
  5159 | D:5      | Found a radiant altar of Vehumet.
  5163 | D:5      | Identified Vehumet's Volume of Attacks
  5169 | D:5      | Learned a level 1 spell: Magic Dart
  5223 | D:5      | Reached skill level 2 in Polearms
  5223 | D:5      | Reached XP level 8. HP: 40/67 MP: 5/7
  5597 | D:5      | Reached skill level 5 in Throwing
  5948 | D:5      | Got the uncursed pair of gloves of Precision Catastrophes {Int+3}
  5954 | D:5      | Identified the +1 pair of gloves of Precision Catastrophes {Int+3} (You found it on level 5 of the Dungeon)
  6092 | D:6      | Noticed Salmacis's ghost (novice HOMo)
  6995 | D:6      | Found the +8 lance "Wyrmbane" {slay drac, rPois rF+ rC+ AC+3}
  7049 | D:6      | Found an opulent altar of Gozag.
  7618 | D:6      | Killed Salmacis's ghost
  7618 | D:6      | Reached skill level 5 in Fighting
  7618 | D:6      | Reached skill level 5 in Maces & Flails
  7618 | D:6      | Reached XP level 9. HP: 47/74 MP: 8/8
  8262 | D:6      | Found a bloodstained altar of Trog.
  8547 | D:7      | Reached skill level 3 in Polearms
  8804 | D:7      | Found Cihasets's Assorted Antiques.
  8810 | D:7      | Bought a scroll labeled JAOWIE KIOT for 34 gold pieces
  8835 | D:7      | Reached skill level 4 in Polearms
  9165 | D:7      | Reached skill level 5 in Polearms
  9208 | D:7      | Noticed Menkaure
  9213 | D:7      | Killed Menkaure
  9395 | D:7      | Found an ornate altar of the Wu Jian Council.
  9408 | D:7      | Found a blossoming altar of Fedhas.
  9409 | D:7      | Found a hazy altar of Hepliaklqana.
  9588 | D:8      | Found Najos's Antique Weapon Emporium.
  9676 | D:8      | Reached skill level 6 in Polearms
  9676 | D:8      | Reached XP level 10. HP: 83/83 MP: 9/9
  9812 | D:8      | Found a sacrificial altar of Ru.
  9915 | D:8      | Found a bloodstained altar of Trog.
  9999 | D:10     | Entered Level 10 of the Dungeon
 10272 | D:9      | Reached skill level 7 in Polearms
 10503 | D:9      | Found a staircase to the Lair.
 10507 | Lair:1   | Entered Level 1 of the Lair of Beasts
 10511 | Lair:1   | Noticed Gastronok
 10533 | Lair:1   | Killed Gastronok
 10533 | Lair:1   | Reached skill level 8 in Polearms
 10753 | Lair:1   | Found a transporter.
 10753 | Lair:1   | Noticed a fire crab
 10806 | Lair:1   | Found a transporter.
 10845 | Lair:1   | Reached skill level 9 in Polearms
 10849 | Lair:1   | Reached XP level 11. HP: 86/93 MP: 10/10
 10858 | Lair:1   | HP: 1/93 [fire crab (6)]
 10860 | Lair:1   | Killed a fire crab
 10860 | Lair:1   | Reached skill level 5 in Stealth
 11153 | Lair:1   | Reached ** piety under Ashenzari
 11216 | Lair:1   | Noticed an oklob plant
 11216 | Lair:1   | Noticed an oklob plant
 11223 | Lair:1   | Noticed an oklob plant
 11702 | Lair:1   | Reached skill level 10 in Polearms
 11725 | Lair:1   | Reached skill level 5 in Armour
 12305 | Lair:2   | Noticed Yermak's ghost (journeyman GnSk)
 12344 | Lair:2   | Killed Yermak's ghost
 12590 | Lair:2   | Noticed arttle's ghost (journeyman GnTm)
 12623 | Lair:2   | Killed arttle's ghost
 12898 | Lair:3   | Reached skill level 11 in Polearms
 13114 | Lair:3   | Found a hole to the Spider Nest.
 13123 | Spider:1 | Entered Level 1 of the Spider Nest
 13123 | Spider:1 | Noticed an orb spider
 13132 | Spider:1 | Killed an orb spider
 13150 | Spider:1 | Found a frozen archway.
 13323 | Spider:1 | Reached XP level 12. HP: 87/105 MP: 11/11
 13814 | Spider:1 | Reached skill level 10 in Fighting
 13833 | Spider:1 | Reached skill level 12 in Polearms
 14655 | Spider:1 | HP: 2/107 [wolf spider (15)]
 14663 | Spider:1 | Killed from afar by a wolf spider

Vault maps used:
D:1:      giann_horns, minmay_misc_feat_columns, st_stairs_14
D:2:      evilmike_ruin_ashenzari, uniq_robin, uniq_sigmund
D:3:      first_bread
D:4:      grunt_temple_overflow_order_and_chaos_2, yredelemnul_altar_generic,
          minmay_temple_entry_butterflies, serial_shops,
          nicolae_shop_behind_doors, lemuel_angel_altar
D:5:      kennysheep_slugbush, grunt_temple_overflow_magic_moments
D:6:      corexii_shantytown, overflow_temple_1_default, lemuel_tele_altar
D:7:      gammafunk_temple_overflow_forgotten, serial_shops,
          kennysheep_little_box, serial_undead, serial_undead_f,
          serial_undead_f, serial_undead_c, serial_undead_d, enter_ossuary_5,
          uniq_menkaure
D:8:      nicolae_ru_path_of_blood, lemuel_doored_altar, serial_shops, shop,
          lemuel_old_faithful
D:9:      lair_entry_dummy
D:10:     serial_shops, nicolae_shop_crystal, shop, nicolae_shop_waterfront,
          nicolae_shop_crystal, basic_altar, hangedman_pestilent_swarm
Temple:   nicolae_temple_figure_zero
Lair:1:   gammafunk_cloud_chamber, special_room, minmay_lair_oklob_chamber,
          uniq_gastronok
Lair:3:   spider_nest_entry_rubble, nicolae_volcano_entry_lava_flow,
          lab_entry_generic, lemuel_fruit_fields
Spider:1: portal_ice_cave_entry_pillars_1

Skill      XL: |  1  2  3  4  5  6  7  8  9 10 11 12 |
---------------+-------------------------------------+-----
Staves         | 4 5 6 |  6.6
Fighting       | 3 4 5 6 8 9 10 | 10.4
Armour         | 1 2 4 5 6 |  6.1
Dodging        | 4 5 6 7 8 |  8.6
Throwing       | 3 4 5 6 7 8 9 |  9.2
Polearms       | 2 6 9 11 12 | 12.2
Maces & Flails | 1 5 6 |  6.3
Stealth        | 1 2 3 4 5 6 |  6.4
Evocations     | |  0.1

Action                   |  1- 3 |  4- 6 |  7- 9 | 10-12 || total
-------------------------+-------+-------+-------+-------++-------
Melee: Quarterstaff      |    72 |   115 |       |       ||   187
       Headbutt          |     7 |    16 |    89 |    72 ||   184
       Spear             |       |    26 |    90 |       ||   116
       Flail             |       |       |   137 |       ||   137
       Lance             |       |       |   108 |   314 ||   422
Throw: Javelin           |     3 |    31 |    80 |    59 ||   173
       Throwing net      |     3 |       |    15 |       ||    18
       Stone             |       |       |    10 |    10 ||    20
 Cast: Magic Dart        |       |       |     1 |       ||     1
Invok: Curse Item        |       |       |     2 |     3 ||     5
       Scrying           |       |       |     1 |     1 ||     2
Evoke: Box of beasts     |       |       |       |     1 ||     1
  Use: Scroll            |       |     4 |     8 |     2 ||    14
       Potion            |       |       |     1 |     9 ||    10
 Stab: Held in net/web   |     1 |       |       |       ||     1
       Sleeping          |       |       |     8 |    11 ||    19
       Distracted        |       |       |       |     1 ||     1
  Eat: Chunk             |       |     8 |    14 |     8 ||    30
       Bread ration      |       |       |     1 |     1 ||     2
       Fruit             |       |       |     2 |     3 ||     5
       Royal jelly       |       |       |       |     1 ||     1
Armor: Leather armour    |    10 |    17 |    42 |    54 ||   123
Dodge: Dodged            |    38 |    79 |   166 |   153 ||   436
Block: Other             |       |    14 |    30 |    27 ||    71
       Reflection        |       |       |     2 |     2 ||     4

Table legend:
 A = Spawn XP
 B = Non-spawn XP
 C = Spawn XP percentage of total XP
 D = Spawn monster count
 E = Non-spawn monster count
 F = Spawn count percentage of total count
 G = Total turns spent on level
                    A         B        C        D         E        F      G
               +---------+---------+-------+---------+---------+-------+---------
         Total |       0 |   29408 |   0.0 |       0 |     341 |   0.0 | 14663
               +---------+---------+-------+---------+---------+-------+---------
           D:1 |       0 |      58 |   0.0 |       0 |      33 |   0.0 |  1157
           D:2 |       0 |     279 |   0.0 |       0 |      20 |   0.0 |   976
           D:3 |       0 |     146 |   0.0 |       0 |      41 |   0.0 |  1032
           D:4 |       0 |     419 |   0.0 |       0 |      20 |   0.0 |  1227
           D:5 |       0 |     806 |   0.0 |       0 |      33 |   0.0 |  2619
           D:6 |       0 |    1674 |   0.0 |       0 |      50 |   0.0 |  1330
           D:7 |       0 |    1734 |   0.0 |       0 |      22 |   0.0 |  1014
           D:8 |       0 |    1082 |   0.0 |       0 |      17 |   0.0 |   490
           D:9 |       0 |     949 |   0.0 |       0 |      19 |   0.0 |   538
        Lair:1 |       0 |    7542 |   0.0 |       0 |      38 |   0.0 |  1732
        Lair:2 |       0 |    3440 |   0.0 |       0 |       7 |   0.0 |   585
        Lair:3 |       0 |    1743 |   0.0 |       0 |      10 |   0.0 |   299
      Spider:1 |       0 |    9536 |   0.0 |       0 |      31 |   0.0 |  1540
               +---------+---------+-------+---------+---------+-------+---------
